 Dungeon Crawl Stone Soup version 0.21-a0-361-g4efd3f9 (webtiles) character file.

85 tidbits the Charmwright (level 4, 0/38 HPs)
             Began as a Gnoll Skald on Oct 13, 2017.
             Killed from afar by an orc wizard (7 damage)
             ... with a puff of flame
             ... on level 3 of the Dungeon.
             The game lasted 00:05:21 (923 turns).

tidbits the Charmwright (Gnoll Skald)                Turns: 923, Time: 00:05:22

Health: 0/38       AC:  5    Str: 13    XL:     4   Next: 48%
Magic:  2/11       EV: 13    Int: 16    God:
Gold:   151        SH:  0    Dex: 15    Spells: 2/13 levels left

rFire    . . .     SeeInvis .   a - +0 hand axe
rCold    . . .     Gourm    +   (no shield)
rNeg     . . .     Faith    .   B - +0 ring mail
rPois    .         Spirit   .   (no helmet)
rElec    .         Reflect  .   (no cloak)
rCorr    .         Harm     .   (no gloves)
MR       .....                  (no boots)
Stlth    ++........             j - amulet of the gourmand
HPRegen  0.12/turn              t - ring of stealth
MPRegen  0.12/turn              v - ring of flight

@: very slightly contaminated
A: distributed training, fangs 1, strong nose
a: Evoke Flight


You were on level 3 of the Dungeon.
You were not hungry.

You visited 1 branch of the dungeon, and saw 4 of its levels.

You collected 151 gold pieces.

Inventory:

Hand Weapons
 a - a +0 hand axe (weapon)
Missiles
 k - 85 stones (quivered)
 n - 13 arrows
Armour
 b - a +0 leather armour
 B - a +0 ring mail (worn)
Jewellery
 j - an amulet of the gourmand (around neck)
   (You found it on level 1 of the Dungeon)
 t - a ring of stealth (left hand)
   (You found it on level 3 of the Dungeon)
 u - an uncursed ring of ice
   (You found it on level 3 of the Dungeon)
 v - a ring of flight (right hand)
   (You found it on level 3 of the Dungeon)
Scrolls
 o - 3 scrolls of remove curse {unknown}
 p - a scroll of noise {unknown}
 q - a scroll of teleportation {unknown}
 s - 3 scrolls of identify {unknown}
Potions
 e - 2 potions of ambrosia {unknown}
 f - 3 potions of heal wounds {unknown}
 g - 2 potions of curing {unknown}
 h - a potion of brilliance {unknown}
 i - 2 potions of agility {unknown}
 m - a potion of degeneration {unknown}
 r - a potion of might {unknown}
Books
 c - a book of Battle

   Spells                             Type                      Level
   a - Infusion                       Charms                       1
   b - Shroud of Golubria             Charms/Translocation         2
   c - Song of Slaying                Charms                       2
   d - Spectral Weapon                Hexes/Charms                 3
   e - Regeneration                   Charms/Necromancy            3
Comestibles
 d - 3 bread rations
 l - 2 meat rations


   Skills:
 + Level 4.6 Fighting
 + Level 1.1 Short Blades
 + Level 1.1 Long Blades
 + Level 4.6 Axes
 + Level 1.1 Maces & Flails
 + Level 1.1 Polearms
 + Level 1.1 Staves
 + Level 1.1 Slings
 + Level 1.1 Bows
 + Level 1.1 Crossbows
 + Level 1.1 Throwing
 + Level 2.7 Armour
 + Level 4.6 Dodging
 + Level 1.1 Stealth
 + Level 1.1 Shields
 + Level 1.1 Unarmed Combat
 + Level 5.1 Spellcasting
 + Level 0.9 Conjurations
 + Level 0.9 Hexes
 + Level 5.4 Charms
 + Level 0.9 Summonings
 + Level 0.9 Necromancy
 + Level 0.9 Translocations
 + Level 0.9 Transmutations
 + Level 0.9 Fire Magic
 + Level 0.9 Ice Magic
 + Level 0.9 Air Magic
 + Level 0.9 Earth Magic
 + Level 0.9 Poison Magic
 + Level 1.2 Invocations
 + Level 1.1 Evocations


You had 2 spell levels left.
You knew the following spells:

 Your Spells              Type           Power        Failure   Level  Hunger
g - Shroud of Golubria    Chrm/Tloc      ##........   12%         2    #......
i - Infusion              Chrm           ###.         3%          1    None
r - Regeneration          Chrm/Necr      ##........   24%         3    ###....
w - Spectral Weapon       Hex/Chrm       ##......     24%         3    ###....
y - Song of Slaying       Chrm           ###.....     4%          2    #......


Dungeon Overview and Level Annotations

Branches:
Dungeon (4/15)
 Temple: D:4-7

Altars:


Innate Abilities, Weirdness & Mutations

Your experience applies equally to all skills.
You have very sharp teeth.
Your uncanny sense of smell can sniff out nearby items.


Message History

You kill the leopard gecko!
You see here a shiny emerald ring.
v - a shiny emerald ring Put on which piece of jewellery? (? for menu, Esc to quit)
v - a ring of flight (right hand)
You see here 9 gold pieces.
You now have 141 gold pieces (gained 9).
You see here a bread ration.
d - 2 bread rations (gained 1)
You see here a scroll labeled HIHETZ EQOSAAC.
s - 3 scrolls labeled HIHETZ EQOSAAC (gained 1)
There is a stone staircase leading down here.
You climb downwards.
Found a stone staircase leading down.
There is a stone staircase leading up here.
Found 4 gold pieces.
There is a stone staircase leading up here.
You climb upwards.
There is a stone staircase leading down here.
There is an escape hatch in the ceiling here.
A bat comes into view.
Found an escape hatch in the floor.
You see here 10 gold pieces.
You now have 151 gold pieces (gained 10).
An orc comes into view. It is wielding a whip of electrocution.
An orc wizard comes into view. It is wielding a dagger.
Found 14 arrows.
The orc wizard shouts!
You hear a shout!
The orc shouts!
You hear a shout!
The bat closely misses you.
You see here a bread ration.
d - 3 bread rations (gained 1)
The bat closely misses you. The bat hits you.
Casting: Spectral Weapon
Confirm with . or Enter, or press ? or * to list all spells.
You miscast Spectral Weapon.
Your skin glows momentarily.
The bat barely misses you.
Casting: Spectral Weapon
Confirm with . or Enter, or press ? or * to list all spells.
You draw out your weapon's spirit!
The bat barely misses you. The bat closely misses you.
The orc wizard mumbles some strange words.
The orc wizard flickers and vanishes!
An orc comes into view.
The bat completely misses you.
An orc comes into view. It is wielding a club.
The bat hits you but does no damage. The bat barely misses you.
You barely miss the bat. You bite the bat, but do no damage.
Your ring mail prevents you from hitting something.
The bat misses you.
Your spectral weapon hits the bat!
You kill the bat!
Something hits you.
You miss something. Something hits you but does no damage.
You hit something. Something completely misses you.
You barely miss the orc. You hit something.
Your spectral weapon barely misses the orc.
Your spectral weapon closely misses something.
The orc hits you but does no damage.
You hit the orc. Your bite misses the orc.
The orc is almost dead.
You hit the orc.
Your ring mail prevents you from hitting the orc.
Your spectral weapon hits the orc but does no damage. x2
The orc hits you with a mace.
The orc barely misses your spectral weapon.
You hit the orc.
You kill the orc!
You closely miss something. You hit the orc but do no damage.
The orc barely misses your spectral weapon.
The orc closely misses you.
You hit the orc but do no damage.
The orc is almost dead.
You hit the orc. You hit something.
Your spectral weapon hits the orc but does no damage.
Your spectral weapon hits the orc.
You kill the orc!
Your spectral weapon hits the orc.
The orc barely misses you.
You barely miss the orc.
The orc is almost dead.
You miss something. You hit the orc but do no damage.
Your spectral weapon hits the orc.
You kill the orc!
Something hits you.
The orc hits you with a whip of electrocution.
You are electrocuted!
Ouch! That really hurt!
* * * LOW HITPOINT WARNING * * *
You closely miss the orc.
The orc is moderately wounded.
You closely miss something.
Your spectral weapon hits the orc.
You kill the orc!
Your spectral weapon closely misses something.
Something hits you but does no damage. x2
You miss something. Something hits you.
* * * LOW HITPOINT WARNING * * *
Something closely misses your spectral weapon.
You see here a mace.
A puff of flame appears from out of thin air!
The puff of flame hits you!
You die...

#.................#
#........
##........†.......#
#[###....
##.†...#...........# #..
#####
##.....####.........#
#.# #.......#
#.........# #. #.......#
##.......## .. #.......#
#..{.)....##.. ##.....##
#..)[)........
.......[###....(@.......
∆
..[.......#.............
∆ ∆
....>.....#.....>.......
.#.........#............
.#.....<...##......(....
...#######.#####.##.....
#### #.# ..# ..... ...
.## ..... #.##


You could see a friendly spectral hand axe.

Vanquished Creatures
  2 adders
  A worm (D:3)
  A dart slug (D:1)
  3 leopard geckos
  4 orcs (D:3)
  6 bats
  4 giant cockroaches
  5 hobgoblins
  7 jackals
  5 kobolds
  2 quokkas
  A ball python (D:1)
  4 frilled lizards
  5 rats
50 creatures vanquished.

Notes
Turn   | Place    | Note
-------+----------+-------------------------------------------
     0 | D:1      | tidbits the Gnoll Skald began the quest for the Orb.
     0 | D:1      | Reached XP level 1. HP: 20/20 MP: 6/6
    91 | D:1      | Reached XP level 2. HP: 25/26 MP: 2/7
    98 | D:1      | Learned a level 2 spell: Song of Slaying
   101 | D:1      | Learned a level 2 spell: Shroud of Golubria
   368 | D:1      | Reached XP level 3. HP: 23/31 MP: 3/9
   369 | D:1      | Reached skill level 5 in Spellcasting
   547 | D:2      | Reached skill level 1 in Invocations
   745 | D:3      | Reached skill level 1 in Short Blades
   745 | D:3      | Reached skill level 1 in Long Blades
   745 | D:3      | Reached skill level 1 in Maces & Flails
   745 | D:3      | Reached skill level 1 in Polearms
   745 | D:3      | Reached skill level 1 in Staves
   745 | D:3      | Reached skill level 1 in Slings
   745 | D:3      | Reached skill level 1 in Bows
   745 | D:3      | Reached skill level 1 in Crossbows
   745 | D:3      | Reached skill level 1 in Throwing
   745 | D:3      | Reached skill level 1 in Stealth
   745 | D:3      | Reached skill level 1 in Shields
   745 | D:3      | Reached skill level 1 in Unarmed Combat
   745 | D:3      | Reached skill level 1 in Evocations
   801 | D:3      | Reached XP level 4. HP: 38/38 MP: 9/11
   816 | D:3      | Learned a level 3 spell: Regeneration
   820 | D:3      | Learned a level 3 spell: Spectral Weapon
   923 | D:3      | Killed from afar by an orc wizard

Vault maps used:
D:1:      dpeg_arrival_short_road
D:3:      first_bread
D:4:      elyvilon_altar_1, uniq_eustachio, uniq_edmund, uniq_menkaure

Skill      XL: |  1  2  3 |
---------------+----------+-----
Spellcasting   | 5 |  5.1
Invocations    | 1 |  1.2
Short Blades   | 1 |  1.1
Long Blades    | 1 |  1.1
Maces & Flails | 1 |  1.1
Polearms       | 1 |  1.1
Staves         | 1 |  1.1
Slings         | 1 |  1.1
Bows           | 1 |  1.1
Crossbows      | 1 |  1.1
Throwing       | 1 |  1.1
Stealth        | 1 |  1.1
Shields        | 1 |  1.1
Unarmed Combat | 1 |  1.1
Evocations     | 1 |  1.1
Fighting       | |  4.6
Axes           | |  4.6
Armour         | |  2.7
Dodging        | |  4.6
Conjurations   | |  0.9
Hexes          | |  0.9
Charms         | |  5.4
Summonings     | |  0.9
Necromancy     | |  0.9
Translocations | |  0.9
Transmutations | |  0.9
Fire Magic     | |  0.9
Ice Magic      | |  0.9
Air Magic      | |  0.9
Earth Magic    | |  0.9
Poison Magic   | |  0.9

Action                   |  1- 3 |  4- 6 || total
-------------------------+-------+-------++-------
Melee: Hand axe          |    68 |    29 ||    97
       Bite              |     4 |     1 ||     5
       Punch             |     1 |       ||     1
 Cast: Infusion          |    15 |       ||    15
       Spectral Weapon   |       |     3 ||     3
 Stab: Sleeping          |     1 |       ||     1
       Distracted        |       |     1 ||     1
  Eat: Chunk             |     1 |       ||     1
Armor: Leather armour    |    14 |       ||    14
       Ring mail         |    10 |    13 ||    23
Dodge: Dodged            |    43 |    24 ||    67

Table legend:
 A = Spawn XP
 B = Non-spawn XP
 C = Spawn XP percentage of total XP
 D = Spawn monster count
 E = Non-spawn monster count
 F = Spawn count percentage of total count
 G = Total turns spent on level
                    A         B        C        D         E        F      G
               +---------+---------+-------+---------+---------+-------+---------
         Total |       0 |     122 |   0.0 |       0 |      50 |   0.0 |   923
               +---------+---------+-------+---------+---------+-------+---------
           D:1 |       0 |      42 |   0.0 |       0 |      22 |   0.0 |   419
           D:2 |       0 |      29 |   0.0 |       0 |      11 |   0.0 |   257
           D:3 |       0 |      51 |   0.0 |       0 |      17 |   0.0 |   243
               +---------+---------+-------+---------+---------+-------+---------

Table legend:
 A = Turns spent in this place as a percentage of turns spent in the entire game.
 B = Non-inter-level travel turns spent in this place as a percentage of non-inter-level travel turns spent in the entire game.
 C = Inter-level travel turns spent in this place as a percentage of turns spent in this place.
 D = Turns resting spent in this place as a percentage of non-inter-level travel turns spent in this place.
 E = Turns spent auto-exploring this place as a percentage of non-inter-level travel turns spent in this place.
 F = Non-inter-level travel turns spent in this place divided by the number of levels of this place that you've seen.
                   A       B       C       D       E      F
               +-------+-------+-------+-------+-------+----------------------
         Total | 100.0 | 100.0 |   2.3 |   0.0 |   0.0 | 225.5
       Dungeon | 100.0 | 100.0 |   2.3 |   0.0 |   0.0 | 225.5
               +-------+-------+-------+-------+-------+----------------------

Table legend:
 A = Kills in this place as a percentage of kills in entire the game.
 B = Kills by you in this place as a percentage of kills by you in the entire game.
 C = Kills by friends in this place as a percentage of kills by friends in the entire game.
 D = Other kills in this place as a percentage of other kills in the entire game.
 E = Experience gained in this place as a percentage of experience gained in the entire game.
 F = Experience gained in this place divided by the number of levels of this place that you have seen.
                   A       B       C       D       E      F
               +-------+-------+-------+-------+-------+----------------------
         Total | 100.0 | 100.0 |   N/A |   N/A | 100.0 |  30.5
       Dungeon | 100.0 | 100.0 |   N/A |   N/A | 100.0 |  30.5
               +-------+-------+-------+-------+-------+----------------------

Vault maps used:
D:1:      dpeg_arrival_short_road
D:3:      first_bread
D:4:      elyvilon_altar_1, uniq_eustachio, uniq_edmund, uniq_menkaure
